Map: Ulrena

Players

Mike - Winner!

  • Race: Zerg Zerg
  • League: Bronze
  • Spawn Location: 7:00

zidar

  • Race: Zerg Zerg
  • League: Silver
  • Spawn Location: 11:00

VOD

Have the link to the VOD?

Description

Time

  • Played on: March 5, 2016, 10:29 a.m.
  • Length: 4:16
Show
View Real Time Build Order
Export as new Build Order

Mike Zerg - Winner!

Build Orders: Hatch First 

Get SALT Encoding   

  12  0:02  Drone  
  13  0:12  Overlord  
  13  0:17  Drone  
  14  0:45  Hatchery  
  14  0:46  Drone  
  14  0:50  Drone  
  14  0:55  Drone  
  16  1:09  Spawning Pool  
  15  1:13  Drone  
  15  1:17  Drone  
  17  1:26  Drone  
  17  1:32  Extractor  
  17  1:35  Drone  
  18  1:55  Drone  
  18  1:57  Zergling x2  
  18  1:58  Queen  
  22  2:03  Queen  
  22  2:06  Zergling x2  
  25  2:10  Drone  
  26  2:31  Drone x2  
  27  2:48  Zergling x4  
  26  2:53  Queen  
  28  3:08  Overlord  
  28  3:09  Zergling x2  
  26  3:19  Zergling x2  
  25  3:20  Zergling x4  
  25  3:24  Zergling x2  
  23  3:37  Zergling x4  
  11  3:55  Zergling x2  
  11  3:56  Zergling x2  
Show
View Real Time Build Order
Export as new Build Order

zidar Zerg 

Build Orders: Pool First 

Get SALT Encoding   

  12  0:02  Drone  
  13  0:12  Overlord  
  13  0:17  Drone  
  14  0:31  Drone x2  
  14  0:34  Drone  
  17  0:46  Spawning Pool  
  16  0:50  Drone  
  17  1:27  Hatchery  
  16  1:33  Zergling x6  
  19  1:43  Queen  
  21  2:02  Zergling x2  
  22  2:15  Overlord x2  
  18  2:54  Zergling x2  
  18  2:55  Zergling x8  
Tags
 
Matchup
ZvZ
Race
Zerg
Spawn Locations
Close Positions
Add a new tag
Caveats
  • Supply blocks, unpowered buildings, or Contaminate may cause inaccurate times.
  • Supply counts are checked every 10 seconds.